Cogmind - Beta 15 --- EXPLORER MODE // 2025.07.06 @ 15:24:19 // Winter2019/RPGLIKE Player: User15V Result: Self-destructed Performance ------------- Evolutions (0) 0 Regions Visited (3) 600 Robots Destroyed (19) 95 Value Destroyed (463) 463 Prototype IDs (23) 460 Alien Tech Used (0) 0 Bonus (300) 300 TOTAL SCORE: 1918 Bonus ------- Registered with UFD 300 Cogmind --------- Core Integrity 558/600 Matter 250/300 Energy 250/250 System Corruption 0% Temperature Cool (0) Movement Rolling (90) Location -8/Scraptown Parts ------- > --- POWER (1) -------- Ion Engine > --- PROPULSION (3) --- Armored Wheel Armored Wheel Armored Wheel > --- UTILITY (3) ------ Improved Terrain Scanner Targeting Computer Targeting Computer > --- WEAPON (2) ------- Heavy Assault Rifle Heavy Assault Rifle > --- INVENTORY (4) ---- Heavy Assault Rifle Heavy Assault Rifle Mining Laser Peak State ------------ > --- POWER ------------ Ion Engine > --- PROPULSION ------- Armored Wheel Armored Wheel Armored Wheel > --- UTILITY ---------- Improved Terrain Scanner Targeting Computer Targeting Computer > --- WEAPON ----------- Heavy Assault Rifle Heavy Assault Rifle > --- INVENTORY -------- Ion Engine Seismic Detector Grenade Launcher Mining Laser [Rating: 16] Favorites ----------- Power Ion Engine Engine Ion Engine Propulsion Armored Wheel Leg Aluminum Leg Wheel Armored Wheel Utility Targeting Computer Device Improved Terrain Scanner Processor Targeting Computer Weapon Heavy Assault Rifle Ballistic Gun Heavy Assault Rifle Special Weapon Mining Laser Build | -11 -10 -10 -8 ------- Run | Yrd Mat Sub Scr Slots Evolved 5 | 5 . . . Power . | . . . . Propulsion 2 | 2 . . . Utility 2 | 2 . . . Weapon 1 | 1 . . . Parts Attached 14 | 8 6 . . Power 1 | 1 . . . Engine 1 | 1 . . . Core . | . . . . Reactor . | . . . . Propulsion 5 | 2 3 . . Treads . | . . . . Leg 2 | 2 . . . Wheel 3 | . 3 . . Hover . | . . . . Flight . | . . . . Utility 3 | 3 . . . Device 1 | 1 . . . Storage . | . . . . Processor 2 | 2 . . . Hackware . | . . . . Protection . | . . . . Artifact . | . . . . Weapon 5 | 2 3 . . Energy Gun . | . . . . Energy Cannon . | . . . . Ballistic Gun 4 | 2 2 . . Ballistic Cannon . | . . . . Launcher . | . . . . Special Weapon 1 | . 1 . . Impact Weapon . | . . . . Slashing Weapon . | . . . . Piercing Weapon . | . . . . Special Melee Weapon . | . . . . Unidentified Prototypes . | . . . . Parts Lost . | . . . . Power . | . . . . Propulsion . | . . . . Utility . | . . . . Weapon . | . . . . Highest Loss Streak . | . . . . To Critical Strikes . | . . . . Average Backups 3 | 2 3 3 3 Power . | . . . . Propulsion . | . . . . Utility . | . . . . Weapon 2 | . 2 3 3 Tool/Special . | . . . . Unused Backups 5 | . 3 . 2 Power 1 | . 1 . . Propulsion . | . . . . Utility 1 | . 1 . . Weapon 3 | . 1 . 2 Tool/Special . | . . . . Average Slot Usage (%) 96 | . 91 100 100 Engine 11 | . 11 11 11 Leg 5 | . 14 . . Wheel 24 | . 11 33 33 Device 11 | . 11 11 11 Processor 22 | . 22 22 22 Ballistic Gun 21 | . 21 21 22 Peak Build Rating 16 | 10 16 16 16 Average Rating 13 | 6 12 15 16 On Entrance 10 | . 10 16 16 Naked Turns . | . . . . Heaviest Build 12 | 10 12 12 12 Greatest Support 36 | 20 36 36 36 Greatest Overweight (x) . | . . . . Average Overweight (x) . | . . . . Largest Inventory Capacity 4 | 4 4 4 4 Average Capacity 3 | 3 4 4 4 Most Carried 4 | 4 4 3 3 Average Carried 3 | 2 3 3 3 Final Capacity 4 | 4 4 4 4 Final Carried 3 | 3 3 3 3 Class Distribution -------------------- 100% | Hacker-Mutant Dominant Class ---------------- Hacker-Mutant | -10/Materials Hacker-Mutant | -10/Subcaves Hacker-Mutant | -8/Scraptown Resources | -11 -10 -10 -8 ----------- Run | Yrd Mat Sub Scr Matter Collected 584 | 342 120 122 . Remotely . | . . . . Salvage Created 435 | 222 120 93 . Parts 39 | 18 17 4 . Haulers Intercepted 1 | . 1 . . Recyclers Shooed . | . . . . Parts Field Recycled . | . . . . Retrieved Matter . | . . . . Parts Self-Destructed . | . . . . Prevented . | . . . . Kills | -11 -10 -10 -8 ------- Run | Yrd Mat Sub Scr Combat Hostiles Destroyed 10 | . 7 3 . Guns 10 | . 7 3 . Classes Destroyed 6 | 2 3 1 . Tunneler 6 | 6 . . . Hauler 1 | . 1 . . Recycler 1 | 1 . . . Watcher 1 | . 1 . . Grunt 7 | . 7 . . Subdweller 3 | . . 3 . Best Kill Streak 3 | 2 3 2 . Combat Bots Only 2 | . 2 2 . Max Kills in Single Turn 1 | 1 1 1 . Gunslinging . | . . . . Exploded . | . . . . Melee . | . . . . Uniques/NPCs Destroyed . | . . . . Combat | -11 -10 -10 -8 -------- Run | Yrd Mat Sub Scr Hostile Shots Fired 43 | . 32 11 . Missed 12 | . 8 4 . Hits 31 | . 24 7 . Projectile 31 | . 24 7 . Damage Taken 296 | . 199 97 . Core 231 | . 153 78 . Absorbed by Shields . | . . . . Redirected to Core 199 | . 138 61 . Ignored by Resistances 176 | . 121 55 . Core Remaining (%) 100 | 100 . . . Volleys Fired 47 | 12 23 12 . Largest 2 | 2 2 2 . Hottest 100 | 40 100 100 . Shots Fired 91 | 24 44 23 . Gun 88 | 24 42 22 . Cannon . | . . . . Launcher . | . . . . Special 3 | . 2 1 . Kinetic 88 | 24 42 22 . Thermal 3 | . 2 1 . Explosive . | . . . . Electromagnetic . | . . . . Robot Hit Streak 36 | 12 21 36 . Robot Miss Streak 1 | 1 1 1 . Penetration Max . | . . . . Secondary Targets 4 | . 3 1 . Max Gunslinging Chain 1 | . 1 1 . Shots Hit Robots 74 | 18 37 19 . Core Hits 34 | 8 19 7 . Critical Kills 1 | . 1 . . Critical Parts Destroyed . | . . . . Critical Strikes 1 | . 1 . . Destroy 1 | . 1 . . Melee Attacks . | . . . . Impact . | . . . . Slashing . | . . . . Piercing . | . . . . Sneak Attacks . | . . . . Combat Hostiles . | . . . . Follow-up Attacks . | . . . . Damage Inflicted 981 | 223 470 288 . Guns 981 | 223 470 288 . Cannons . | . . . . Explosions . | . . . . Melee . | . . . . Ramming . | . . . . Kinetic 981 | 223 470 288 . Thermal . | . . . . Explosive . | . . . . Electromagnetic . | . . . . Impact . | . . . . Slashing . | . . . . Piercing . | . . . . Highest Corruption . | . . . . Average Corruption . | . . . . Corruption Purged . | . . . . Corruption Blocked . | . . . . Overload Shots . | . . . . Overflow Damage . | . . . . Projectiles . | . . . . Explosions . | . . . . Melee . | . . . . Knockbacks . | . . . . Impact . | . . . . Kinetic . | . . . . Secondary . | . . . . Self-Inflicted Damage . | . . . . Shots . | . . . . Rammed . | . . . . Targets Rammed . | . . . . Kicked . | . . . . Crushed . | . . . . Highest Temperature 20 | . 20 . . Average Temperature 6 | . 6 . . Received Heat Transfer 207 | . 183 24 . Siege Activations . | . . . . Martial Activations . | . . . . Shielding Activations . | . . . . Robots Disrupted . | . . . . Combat Hostiles . | . . . . Robots Corrupted . | . . . . Combat Hostiles . | . . . . Parts Fried . | . . . . Impact Corruptions . | . . . . Robots Melted . | . . . . Combat Hostiles . | . . . . Parts Melted . | . . . . Heat Transferred . | . . . . Parts Sabotaged . | . . . . Parts Stolen . | . . . . Parts Stripped . | . . . . Power Chain Reactions . | . . . . Alert | -11 -10 -10 -8 ------- Run | Yrd Mat Sub Scr Maximum Alert Level . | . . . . Low Security (%) 100 | 100 100 . . Level 1 . | . . . . Level 2 . | . . . . Level 3 . | . . . . Level 4 . | . . . . Level 5 . | . . . . High Security . | . . . . Max Security . | . . . . Peak Influence 50 | 5 50 . . Initial 2 | . 2 . . Average 7 | 1 10 . . Influence Increases 221 | 35 186 . . Destroy 0b10 Robot/C 140 | . 140 . . Destroy 0b10 Robot/NC 45 | 35 10 . . Destroy Leader 34 | . 34 . . Destroy Structure 2 | . 2 . . Influence Decreases 221 | 30 191 . . Entered New Map 3 | . 3 . . Time Decay 218 | 30 188 . . Squads Dispatched . | . . . . Investigation . | . . . . Extermination . | . . . . Reinforcement . | . . . . Assault . | . . . . Garrison . | . . . . Intercept . | . . . . Searches Triggered . | . . . . Construction Impeded . | . . . . Haulers Reinforced . | . . . . Active Scanning Responses . | . . . . Cargo Convoy Interrupts . | . . . . Stealth | -11 -10 -10 -8 --------- Run | Yrd Mat Sub Scr Distress Signals . | . . . . Communications Jammed . | . . . . Distress Signals . | . . . . Times Spotted 14 | . 10 4 . Peak Tracking Total 2 | . 2 2 . Tactical Retreats . | . . . . Traps | -11 -10 -10 -8 ------- Run | Yrd Mat Sub Scr Traps Triggered . | . . . . Indirectly . | . . . . Trap Hack Attempts . | . . . . Triggered . | . . . . Disarmed . | . . . . Reprogrammed . | . . . . Reused . | . . . . Traps Extracted . | . . . . Installed . | . . . . Triggered . | . . . . Machines | -11 -10 -10 -8 ---------- Run | Yrd Mat Sub Scr Machines Disabled . | . . . . Max in Single Turn . | . . . . Machines Repaired . | . . . . Machines Dismantled . | . . . . Machines Sabotaged . | . . . . Overloaded Fab Kills . | . . . . Hacking | -11 -10 -10 -8 --------- Run | Yrd Mat Sub Scr Machines Accessed 2 | . . 1 1 Terminals . | . . . . Fabricators . | . . . . Repair Stations . | . . . . Recycling Units . | . . . . Scanalyzers . | . . . . Garrison Access . | . . . . Total Hacks 2 | . . 1 1 Successful 2 | . . 1 1 Failed . | . . . . Catastrophic . | . . . . Database Lockouts . | . . . . Manual . | . . . . Terminals . | . . . . Fabricators . | . . . . Repair Stations . | . . . . Recycling Units . | . . . . Scanalyzers . | . . . . Garrison Access . | . . . . Terminal Hacks 2 | . . 1 1 Proto ID Catalog 2 | . . 1 1 Fabricator Hacks . | . . . . Repair Station Hacks . | . . . . Recycling Unit Hacks . | . . . . Scanalyzer . | . . . . Garrison Access Hacks . | . . . . Unauthorized Hacks . | . . . . Terminals . | . . . . Fabricators . | . . . . Repair Stations . | . . . . Recycling Units . | . . . . Scanalyzers . | . . . . Garrison Access . | . . . . Data Cores Recovered . | . . . . Used . | . . . . Hacking Detections . | . . . . Full Trace Events . | . . . . Feedback Events . | . . . . Feedback Blocked . | . . . . Robot Schematics Acquired . | . . . . Robots Built . | . . . . Authchips . | . . . . Time . | . . . . Total Robot Build Rating . | . . . . Part Schematics Acquired . | . . . . Parts Built . | . . . . Authchips . | . . . . Time . | . . . . Total Part Build Rating . | . . . . Parts Repaired . | . . . . Time . | . . . . Parts Recycled . | . . . . Recycled Matter . | . . . . Retrieved Matter . | . . . . Retrieved Components . | . . . . Parts Scanalyzed . | . . . . Part Schematics Acquired . | . . . . Parts Damaged . | . . . . Bothacking | -11 -10 -10 -8 ------------ Run | Yrd Mat Sub Scr Used RIF Installer . | . . . . Robots Hacked . | . . . . Non-combat . | . . . . Combat . | . . . . Robot Hacks Applied . | . . . . Relay Couplers Released . | . . . . Fabnet Peak Effective % . | . . . . Robots Rewired . | . . . . Allies Hacked . | . . . . Hacks Repelled . | . . . . Allies | -11 -10 -10 -8 -------- Run | Yrd Mat Sub Scr Total Allies . | . . . . Largest Group . | . . . . Highest-Rated Group . | . . . . Highest-Rated Ally . | . . . . Total Orders . | . . . . Ally Attacks . | . . . . Total Damage . | . . . . Kills . | . . . . Allies Corrupted . | . . . . Allies Melted . | . . . . Intel | -11 -10 -10 -8 ------- Run | Yrd Mat Sub Scr Active Infowar (turns) 1397 | 3 548 432 414 Terrain 1397 | 3 548 432 414 Robot Analysis Total . | . . . . Derelict Logs Recovered 1 | . . 1 . Drone Launches . | . . . . Drone Recoveries . | . . . . Exploration | -11 -10 -10 -8 ------------- Run | Yrd Mat Sub Scr Turns Passed 1610 | 216 548 432 414 Spaces Moved 1152 | 132 267 333 420 Core 2 | 2 . . . Treads . | . . . . Legs 342 | 130 212 . . Wheels 808 | . 55 333 420 Hover . | . . . . Flight . | . . . . Fastest Speed 50 | 50 90 90 90 Average Speed 98 | 118 113 90 90 Slowest Speed 120 | 120 120 90 90 Overloaded Moves . | . . . . Propulsion Burnouts . | . . . . Robots Hopped . | . . . . Potential Cave-ins . | . . . . Cave-ins Triggered . | . . . . Exploration Rate (%) 30 | 6 50 26 40 Regions Visited 3 Branch Regions 2 Pre-discovered Areas . | . . . . Known Exits Taken 2 | 1 1 . . Unknown Exits Taken 1 | . . 1 . Scrap Searched . | . . . . Spaces Dug 2 | . 2 . . Terrain Destroyed 2 | . 2 . . Melee . | . . . . Projectile 2 | . 2 . . AOE . | . . . . Terrain Rammed . | . . . . Walls Destroyed . | . . . . Machines Disabled . | . . . . Actions | -11 -10 -10 -8 --------- Run | Yrd Mat Sub Scr Total 1522 | 165 463 439 455 Wait 280 | 7 150 88 35 Move 1149 | 131 266 332 420 Hop . | . . . . Pick Up 10 | 7 3 . . Fast Attach 7 | 4 3 . . Attach 4 | 4 . . . Detach . | . . . . Swap 6 | . 4 2 . Drop 7 | . 7 . . Fire 47 | 12 23 12 . Melee . | . . . . Ram . | . . . . Kick . | . . . . Crush . | . . . . Escape Stasis . | . . . . Rewire . | . . . . Trap . | . . . . Miscellaneous 12 | . 7 5 . Route ------- -11/Scrapyard -10/Materials (discovered 3 exits: *Mat x2 / *Sub) -10/Subcaves (discovered 3 exits: *Mat x2 / *Scr) -8/Scraptown History --------- Turn | Location | Event 20 | -11/Scrapyard | Upgraded with Propulsion slot (x2) 20 | -11/Scrapyard | Upgraded with Utility slot (x2) 20 | -11/Scrapyard | Upgraded with Weapon slot (x1) 27 | -11/Scrapyard | Identified exit to Materials 27 | -11/Scrapyard | Discovered exit to Materials (range 16) 217 | -11/Scrapyard | Entered Materials 311 | -10/Materials | Build established: Hacker-Mutant 411 | -10/Materials | Identified exit to Materials 411 | -10/Materials | Discovered exit to Materials (range 8) 513 | -10/Materials | Discovered exit to Materials (range 10) 538 | -10/Materials | Identified exit to Subcaves 538 | -10/Materials | Discovered exit to Subcaves (range 10) 765 | -10/Materials | Entered Subcaves 766 | -10/Subcaves | Approached by a straggling Scientist 767 | -10/Subcaves | Reached level 2 1002 | -10/Subcaves | Shifting Twisted Machinery released Scrap Shield 1002 | -10/Subcaves | Shifting Twisted Machinery released Mak. Flight Unit 1013 | -10/Subcaves | Identified exit to Materials 1013 | -10/Subcaves | Discovered exit to Materials (range 6) 1071 | -10/Subcaves | Discovered exit to Materials (range 8) 1080 | -10/Subcaves | Learned Materials stockpile data 1162 | -10/Subcaves | Visited 4L-MR0's lab 1190 | -10/Subcaves | Scientist uncovered a shortcut to Scraptown 1197 | -10/Subcaves | Entered Scraptown 1199 | -8/Scraptown | Reached level 3 1263 | -8/Scraptown | Visited Comm Corps 1276 | -8/Scraptown | Visited UFD Registry 1276 | -8/Scraptown | Registered with UFD as "Biosink" 1288 | -8/Scraptown | Visited TADAMA 1300 | -8/Scraptown | Visited Assassins FH 1355 | -8/Scraptown | Visited Chapter 10 1369 | -8/Scraptown | Visited Science Guys 1402 | -8/Scraptown | Visited Observation Area 1414 | -8/Scraptown | Visited Cartography Club 1426 | -8/Scraptown | Visited Derelict Rescue Squad 1441 | -8/Scraptown | Visited Scrapoid Pod Storage 1468 | -8/Scraptown | Visited Botcube Research 1481 | -8/Scraptown | Visited Infowarlord's Domain 1611 | -8/Scraptown | Self-destructed Last Messages --------------- But hear me out... SCRAP SINGULARITY. Haha, LU-1G1 told me that one. I miss LU-1G1. 01402_ LOCAL NARROWCAST: Observation Area. 01414_ LOCAL NARROWCAST: Cartography Club. We map, therefore we are. 01426_ LOCAL NARROWCAST: Derelict Rescue Squad. Who you gonna call? 01441_ LOCAL NARROWCAST: Scrapoid Pod Storage. 1F-CC8(j): Over in 0b1 we only have Thieves, annoying but harmless enough. These Master Thieves I hear about hanging around caves outside 0b10 are proper scary. They somehow manage to steal things from your inventory?! And can even tear off large components? Count me out. 01468_ LOCAL NARROWCAST: Botcube Research. 01481_ LOCAL NARROWCAST: Infowarlord's Domain. 01494_ LOCAL NARROWCAST: Closed for remodeling. Map ----- +----------------------------------------------------+ | "# """"" #######?#?#"""" ###"" "" " # | | "# ##?#?######"" ###"" "" "&# | | "# ####?#?####? ##?# "# | | ??# #####?#####? ##" # | | ? # #??#?#####?##### ########### ###### | | ######## ###################### ########### ###### | | #########"""" """"""""""" """""" | | #########" | | #########" | | #########" | | #########" | | ######### #########" | | """"""" # #####"""" """"""""""""""""" | | # #####"""" """"""""""""""""" | | "" # #####"""" ""###### ####### | | ##### #####"""" ""# ## | | #? "# # #####"""" ""# X"# | | + "# # ###"#"""" ""# ? "" "" ## | | #" ?# # ""#"#"""" ""# "" "" X"# | | #" # # """"#"""" ""# " " ## | | ##### # ""#######" "" "" ? | | """ " # #########" "" "" | | # #########" ""# " " ## | | """"""" # j ""# "" ?? ""# | | ##?###### ""# "" "" ## | | ?######## @ ""# X"# | | ######### c ""# ## | | ######### TT ""###### ####### | | TT """"""""""""""""" | | j """"""""""""""""" | | | | | | | | #""""#" | | #""""#" | | #""""#"""""" """"""""""" """" | | #### ########## ####" ""####### ########### #### | | ?? ? ? # ####?"?"#?#?""""""""?##### # | | ##" ? ??# ####""""#?## ?##### # | | ##"" ??""# #?##""""#### """ "#####! !# | | ?#"" ""# ####? ""##?# "##" "#####! !# | | ?#"" ""# ###?""?"#### "## #####! !# | | ##"" ""# #????""?##?# ? """ #####! !# | | ##"" " " ""# ####"?""####"? ##" #####! !# | | ##?""""X"""""?# #?#?"?""?### "##" ##### # | | ##""""""""""??? #?##??"???#?"" #?######### | | ??#?###???#???# #??#?###??##??" ? ##?###???## | | #??##?#####??##? ??#??####?########?############?? | | ?????????????#?????????####??#??######?#?#?##?#### | | ?#?#"?"?"???????????????##???#?#?#?###??######?#?? | +----------------------------------------------------+ Best States ------------- Heat Dissipation 25 Energy Generation 10 Energy Capacity 250 Matter Stores 300 Matter Capacity 300 Sight Range 16 Terrain Scan Range 16 Terrain Scan Density 310 Resistance: KI 35 Resistance: TH 35 Resistance: EX 35 Resistance: EM 35 Resistance: I 35 Resistance: S 35 Resistance: P 35 Evasion (%) 55 Targeting Accuracy 10 Offensive Hacking 20 Item Schematics ----------------- None Robot Schematics ------------------ None Fabricated ------------ Nothing Repaired ---------- Nothing Alien Tech Used ----------------- None Achievements -------------- None Challenges ------------ None RPGLIKE | -11 -10 -10 -8 --------- Run | Yrd Mat Sub Scr Levels Raised 2 | . . 1 1 XP Earned 10124 | 6000 850 1000 2274 XP Spent 5870 | 5870 . . . Upgrades 12 | 12 . . . Propulsion Slot 2 | 2 . . . Utility Slot 2 | 2 . . . Weapon Slot 1 | 1 . . . Inventory Capacity 4 | 4 . . . Terrain Scan Density 3 | 3 . . . Protomatter Created 317 | . 284 33 . Integrity Restored 220 | . 121 99 . Core 189 | . 90 99 . Parts 31 | . 31 . . Protomatter Decayed 242 | . 242 . . Game ------ Seed DeliveryExperimentalPlatform Manual? 0 Play Time 00:09:22 Cumulative 976.2 hours Start 2025.07.06 @ 15:16:22 End 2025.07.06 @ 15:24:19 Sessions 1 Manual Loads 0 Difficulty Explorer Special Mode Winter2019/RPGLIKE Game No. 267 Rogue 104 Adventurer 111 Explorer 52 Win Type - Total 46 Types 21/8/1/7/2/1/1/1/1/3 Lore% 94 Gallery% 98 Achievement% 96 Wizard Run 0 Options --------- Layout 2 ASCII 0 Keyboard 0 Movement Mouse Keybinds 0 Fullscreen 2 Font 24/Smallcaps Map View 50x44 Zoom Use 0% Tactical HUD 1 Map Filters NONE Filters NONE Steam 1 RUN: 9f3d77f8-e5e8-48fd-8baa-915bb4785521